 Dungeon Crawl Stone Soup version 0.14.2 (webtiles) character file.

243 Amnesiac the Charlatan (level 5, 0/26 HPs)
             Began as a Spriggan Artificer on Feb 9, 2018.
             Succumbed to poison (a needle trap)
             ... in an ossuary.
             The game lasted 00:05:03 (2749 turns).

Amnesiac the Charlatan (Spriggan Artificer)         Turns: 2749, Time: 00:05:03

HP   0/26        AC  3     Str  8      XL: 5   Next: 36%
MP  24/24        EV 26     Int 14      God:
Gold 59          SH  0     Dex 21      Spells:  0 memorised,  4 levels left

rFire  . . .     SeeInvis +     y - +2,+0 sling
rCold  . . .     Clarity  .     e - +0 robe
rNeg   . . .     Conserve .     (shield restricted)
rPois  .         rCorr    .     (helmet restricted)
rElec  .         rRot     .     n - +0 cloak
SustAb . .       Spirit   .     (gloves unavailable)
rMut   .         Warding  .     (boots unavailable)
Saprov . . .     Stasis   .     (no amulet)
MR     .....                    (no ring)
                                m - ring of magical power

@: agile, lethally poisoned, very quick, not resistant to hostile enchantments,
quite stealthy
A: unfitting armour, see invisible, herbivore 3, speed 3, slow metabolism 2
a: no special abilities


You were in an ossuary.
You were very full.

You visited 1 branch of the dungeon, and saw 5 of its levels.
You also visited: Ossuary.

You collected 59 gold pieces.

Inventory:

Hand weapons
 a - a +0,+0 short sword
 y - a +2,+0 sling (weapon)
Missiles
 u - 16 darts of frost
 z - 2 stones (quivered)
 D - 5 poisoned needles
Armour
 e - a +0 robe (worn)
 n - a +0 cloak (worn)
Magical devices
 b - a wand of flame (11)
 c - a wand of enslavement (14)
 d - a wand of random effects (15)
 r - a wand of confusion (12)
 t - a wand of fire (0)
 C - a wand of draining (5)
Comestibles
 i - 2 bread rations
 s - 14 sultanas
 w - a choko
Scrolls
 f - a scroll of amnesia {!r, unknown}
 j - 2 scrolls of fear {!r, unknown}
 k - a scroll of blinking {!r, unknown}
 l - a scroll of enchant weapon I {!r, unknown}
 q - a scroll of identify {!r, unknown}
 v - a scroll of enchant armour {!r, unknown}
Jewellery
 m - a ring of magical power (left hand)
 p - an uncursed ring of protection from cold {unknown}
Potions
 g - a potion of magic {!q, unknown}
 h - a potion of haste {!q, unknown}
 o - a potion of agility {!q}
 x - a potion of restore abilities {!q, unknown}
 A - a potion of poison {!q, unknown}
 B - 2 potions of curing {!q, unknown}


   Skills:
 + Level 2.3 Fighting
 - Level 1.1 Short Blades
 + Level 5.0 Dodging
 - Level 1.5 Stealth
 * Level 6.4 Evocations


You had 4 spell levels left.
You didn't know any spells.

Dungeon Overview and Level Annotations

Branches:
Dungeon (5/15)
 Temple: D:4-7

Altars:
Elyvilon

Annotations:
D:4 exclusion: upstairs


Innate Abilities, Weirdness & Mutations

You are tiny and cannot use many weapons and most armour.
You have supernaturally acute eyesight.
You are a herbivore.
You cover ground extremely quickly.
You need consume almost no food.


Message History

Firing (i - inventory. (,) - cycle):
z - 8 stones (quivered)
Press: ? - help, Shift-Dir - straight line, f/p - water moccasin zombie
Aim: a water moccasin zombie You shoot a stone.
The stone misses the water moccasin zombie.
The water moccasin zombie bites you but does no damage.
Firing (i - inventory. (,) - cycle):
z - 7 stones (quivered)
Press: ? - help, Shift-Dir - straight line, f/p - water moccasin zombie
Aim: a water moccasin zombie You shoot a stone.
The stone hits the water moccasin zombie.
The water moccasin zombie closely misses you. x2
Firing (i - inventory. (,) - cycle):
z - 6 stones (quivered)
Press: ? - help, Shift-Dir - straight line, f/p - water moccasin zombie
Aim: a water moccasin zombie You shoot a stone.
The stone misses the water moccasin zombie.
The water moccasin zombie misses you.
Firing (i - inventory. (,) - cycle):
z - 5 stones (quivered)
Press: ? - help, Shift-Dir - straight line, f/p - water moccasin zombie
Aim: a water moccasin zombie You shoot a stone.
The stone hits the water moccasin zombie.
The water moccasin zombie closely misses you.
Firing (i - inventory. (,) - cycle):
z - 4 stones (quivered)
Press: ? - help, Shift-Dir - straight line, f/p - water moccasin zombie
Aim: a water moccasin zombie You shoot a stone.
The stone misses the water moccasin zombie.
The water moccasin zombie bites you!
* * * LOW HITPOINT WARNING * * *
The water moccasin zombie misses you.
Firing (i - inventory. (,) - cycle):
z - 3 stones (quivered)
Press: ? - help, Shift-Dir - straight line, f/p - water moccasin zombie
Aim: a water moccasin zombie You shoot a stone.
The stone misses the water moccasin zombie.
The water moccasin zombie bites you!
* * * LOW HITPOINT WARNING * * *
You are too injured to fight recklessly!
You are too injured to fight recklessly!
Really walk into that dart trap?
Okay, then.
Really walk into that needle trap?
A poisoned needle shoots out and hits you!
You are lethally poisoned!
* * * LOW HITPOINT WARNING * * *
You feel sick.
There is a needle trap here.
You see here a poisoned needle.
* * * LOW HITPOINT WARNING * * *
You feel sick.
A poisoned needle hits the water moccasin zombie, but does no damage!
There is an open door here.
A poisoned needle hits the water moccasin zombie!
There is an open door here.
As you close the door, it creaks loudly!
* * * LOW HITPOINT WARNING * * *
You feel sick.
Drink which item? (? for menu, Esc to quit)
Really quaff
o - 2 purple potions {!q}?
You feel agile all of a sudden.
It was a potion of agility {!q}.
You die...

#...# #...#
#...# ##'##
#^^^# #.^^#
#..^# #..^#
###@##### ####
#...+z^.#....+
#...#^.^(.(.(#
#...#...#....#
######### ####


There were no monsters in sight!

Vanquished Creatures
  2 water moccasin zombies (Ossuary)
  A hound (D:4)
  A big kobold zombie (Ossuary)
  An adder (D:4)
  2 giant mites (D:5)
  2 adder zombies (Ossuary)
  A giant gecko (D:4)
  6 goblins
  4 hobgoblins
  5 jackals
  A quokka (D:5)
  6 bats
  3 giant cockroaches
  A giant newt (D:1)
  A giant newt skeleton (D:4)
  4 hobgoblin zombies (Ossuary)
  5 kobolds
  2 orc zombies (Ossuary)
  6 rats
54 creatures vanquished.

Notes
Turn   | Place    | Note
--------------------------------------------------------------
     0 | D:1      | Amnesiac, the Spriggan Artificer, began the quest for the Orb.
     0 | D:1      | Reached XP level 1. HP: 9/9 MP: 2/2
    43 | D:1      | Reached skill level 1 in Fighting
   582 | D:2      | Found a white marble altar of Elyvilon.
   594 | D:2      | Reached XP level 2. HP: 12/14 MP: 5/5
  1263 | D:4      | Reached XP level 3. HP: 18/18 MP: 8/8
  1387 | D:4      | Reached skill level 5 in Evocations
  1642 | D:4      | Reached XP level 4. HP: 23/23 MP: 11/11
  1995 | D:5      | Entered Level 5 of the Dungeon
  2281 | D:5      | Found a sand-covered staircase.
  2296 | Ossuary  | Entered an ossuary
  2513 | Ossuary  | Reached skill level 6 in Evocations
  2513 | Ossuary  | Reached XP level 5. HP: 20/26 MP: 15/15
  2610 | Ossuary  | Reached skill level 5 in Dodging
  2748 | Ossuary  | HP: 1/26 [poison (a needle trap)]
  2749 | Ossuary  | Succumbed to poison (a needle trap)

Action                   |  1- 3 |  4- 6 || total
-------------------------+-------+-------++-------
Melee: Short sword       |   101 |     3 ||   104
 Fire: Sling             |       |   113 ||   113
Evoke: Wand              |     6 |     5 ||    11
  Use: Potion            |     1 |     1 ||     2
 Stab: Sleeping          |     2 |       ||     2
